[Event "Titled Tuesday Blitz February 07 Early 2023"]
[White "Pulpan, Jakub"]
[Black "Avazkhonov, Alikhon"]
[WhiteFideId "302759"]
[BlackFideId "14208504"]
[WhiteElo "2427"]
[BlackElo "1538"]
[Result "1-0"]
[Round "03"]
[TimeControl "180+2"]
[Date "2023.02.07"]
[WhiteClock "0:01:02"]
[BlackClock "0:00:01"]

1. Nf3 d5 2. d4 Nf6 3. g3 e6 4. Bg2 Be7 5. O-O O-O 6. c4 dxc4 7. Ne5 Nc6 8. Nxc6 bxc6 9. Na3 Nd5 10. Nxc4 c5 11. Na5 Qd7 12. e4 Nb6 13. d5 exd5 14. exd5 Ba6 15. Re1 Bf6 16. Nc6 Rfe8 17. Rxe8+ Rxe8 18. a4 Be2 19. Qc2 c4 20. Be3 Bd3 21. Qd2 Nxd5 22. Bxd5 Qxd5 23. Nb4 Qb7 24. Nxd3 cxd3 25. Qxd3 Qxb2 26. Rd1 h6 27. Qc4 c5 28. Bxc5 Rc8 29. Qd5 Qc2 30. Bxa7 1-0


[Site "https://www.chess.com"]

[Event "Titled Tuesday Blitz February 07 Early 2023"]
[White "Iniyan, P"]
[Black "Lorenzo De La Riva, Lazaro"]
[WhiteFideId "25002767"]
[BlackFideId "2268809"]
[WhiteElo "2525"]
[BlackElo "2404"]
[Result "1-0"]
[Round "03"]
[TimeControl "180+2"]
[Date "2023.02.07"]
[WhiteClock "0:00:11"]
[BlackClock "0:00:01"]

1. b3 Nf6 2. Bb2 g6 3. f4 Bg7 4. Nf3 O-O 5. e3 c5 6. Be2 Nc6 7. O-O d6 8. a4 b6 9. Na3 Bb7 10. Nc4 a6 11. Rb1 b5 12. Na3 b4 13. Nc4 a5 14. Qe1 Ba6 15. Bd3 e6 16. Qe2 Bxc4 17. Bxc4 d5 18. Bb5 Qb6 19. h3 Rad8 20. g4 Ne4 21. Bxg7 Kxg7 22. Qg2 f5 23. d3 Nc3 24. Ng5 Ne7 25. Rbe1 h6 26. Nf3 Nxb5 27. axb5 Qxb5 28. e4 dxe4 29. dxe4 fxe4 30. Rxe4 Qc6 31. Qe2 Rd6 32. Ne5 Qc7 33. Nc4 Rc6 34. Rxe6 Rxe6 35. Qxe6 Rf6 36. Qe4 Qd7 37. Re1 Rf7 38. Ne5 Qe6 39. Nxf7 Qxe4 40. Rxe4 Kxf7 41. Re5 a4 42. bxa4 c4 43. Re4 b3 44. cxb3 cxb3 45. Rb4 1-0


[Site "https://www.chess.com"]

[Event "Titled Tuesday Blitz February 07 Early 2023"]
[White "Orozbaev, Eldiar"]
[Black "Mogirzan, Matei-Valeriu"]
[WhiteFideId "13802240"]
[BlackFideId "1257455"]
[WhiteElo "2235"]
[BlackElo "1813"]
[Result "1-0"]
[Round "03"]
[TimeControl "180+2"]
[Date "2023.02.07"]
[WhiteClock "0:00:20"]
[BlackClock "0:00:06"]

1. e4 c5 2. c3 Nf6 3. e5 Nd5 4. d4 cxd4 5. Nf3 Nc6 6. cxd4 d6 7. Nc3 Nxc3 8. bxc3 g6 9. Be2 Bg7 10. exd6 Qxd6 11. O-O O-O 12. Bg5 b6 13. Re1 Bb7 14. Bh4 Na5 15. Rc1 Rac8 16. Qd2 e5 17. dxe5 Qxd2 18. Nxd2 Bxe5 19. Bf3 Bxc3 20. Bxb7 Nxb7 21. Rcd1 Rfe8 22. Rxe8+ Rxe8 23. Nf3 Nc5 24. h3 Kg7 25. Bg3 Ne4 26. Bf4 Nf6 27. Be3 Kg8 28. Rc1 Ne4 29. Ng5 Nxg5 30. Rxc3 Ne6 31. Ra3 Re7 32. Bh6 Rc7 33. Rd3 f5 34. Rd6 Kf7 35. a4 g5 36. h4 Rc1+ 37. Kh2 Rc4 38. hxg5 Rxa4 39. Rd7+ Kg6 40. Rd6 Kf7 41. g3 Ra2 42. Kg1 Ra1+ 43. Kg2 Re1 44. f4 Re2+ 45. Kf3 Re4 46. Rd7+ Kg6 47. Rxa7 Nd4+ 48. Kf2 Re2+ 49. Kf1 Rb2 50. Bg7 Nf3 51. Bxb2 Nd2+ 52. Ke2 Ne4 53. Rg7+ Kh5 54. Rxh7+ Kg4 55. g6 Kxg3 56. g7 Kxf4 57. g8=Q Ng3+ 58. Qxg3+ Kxg3 59. Rf7 Kg4 60. Be5 b5 61. Ke3 b4 62. Rg7+ Kh5 63. Kf3 b3 64. Rb7 1-0


[Site "https://www.chess.com"]

[Event "Titled Tuesday Blitz February 07 Early 2023"]
[White "Beerdsen, Thomas"]
[Black "McBryde, Lamel"]
[WhiteFideId "1030108"]
[BlackFideId "2058596"]
[WhiteElo "2507"]
[BlackElo "1861"]
[Result "1-0"]
[Round "03"]
[TimeControl "180+2"]
[Date "2023.02.07"]
[WhiteClock "0:00:24"]
[BlackClock "0:00:08"]

1. e4 Nf6 2. Nc3 e6 3. e5 Nd5 4. Nxd5 exd5 5. Nf3 d6 6. d4 Bg4 7. h3 Bxf3 8. Qxf3 dxe5 9. dxe5 c6 10. Bd3 Na6 11. O-O Nc7 12. Qg3 Ne6 13. f4 Bc5+ 14. Kh2 g6 15. f5 gxf5 16. Bxf5 Qe7 17. Bxe6 fxe6 18. Bg5 Qg7 19. Rf6 O-O-O 20. Rxe6 Rdg8 21. Qg4 Kb8 22. Bf6 Qd7 23. Qf5 Rf8 24. Rf1 Rhg8 25. c3 d4 26. b4 Qd5 27. Rf3 d3 28. Qxd3 Qxe6 29. bxc5 Qd5 30. Qxd5 cxd5 31. Rd3 Kc7 32. Rxd5 Re8 33. Rd6 Rg6 34. g4 Reg8 35. g5 h5 36. h4 b6 37. cxb6+ axb6 38. Kg3 Kb7 39. Kf4 Re8 40. Kf5 Rgg8 41. g6 Ka6 42. g7 Rc8 43. e6 Rc5+ 44. Kg6 Rc4 45. Kf7 Rgc8 46. g8=Q R4c7+ 47. Rd7 Rxg8 48. Kxg8 Rxc3 49. e7 Re3 50. Rd5 Re6 51. Re5 Rxe7 52. Bxe7 b5 53. Rxh5 Kb6 54. Bb4 Kc6 55. Rh6+ Kd5 56. Rb6 Kc4 57. Rxb5 Kxb5 58. h5 Ka4 59. h6 Kb5 60. h7 Ka4 61. h8=Q Kb5 62. a4+ Kxa4 63. Ba5 Kb3 64. Qc3+ Ka4 65. Qb4# 1-0


[Site "https://www.chess.com"]

[Event "Titled Tuesday Blitz February 07 Early 2023"]
[White "Cepo, Toni"]
[Black "Sattarov, Bobir"]
[WhiteFideId "4675916"]
[BlackFideId "14203081"]
[WhiteElo "2145"]
[BlackElo "2366"]
[Result "0-1"]
[Round "03"]
[TimeControl "180+2"]
[Date "2023.02.07"]
[WhiteClock "0:01:54"]
[BlackClock "0:02:00"]

1. e4 e5 2. Nf3 Nc6 3. Bb5 a6 4. Ba4 Bc5 5. O-O Qf6 6. Nc3 Nge7 7. Bb3 O-O 8. Nd5 Nxd5 9. Bxd5 h6 10. c3 d6 11. Bxc6 bxc6 12. d4 exd4 13. cxd4 Ba7 14. h3 Rb8 15. b3 Qg6 16. Re1 Bxh3 17. Nh4 Qg4 18. Qxg4 Bxg4 19. Bb2 c5 20. dxc5 Bxc5 21. Nf5 Bxf5 22. exf5 Rfe8 23. Kf1 Kf8 24. Rxe8+ Rxe8 25. Re1 Rxe1+ 26. Kxe1 h5 27. Ke2 g6 28. fxg6 fxg6 29. Bf6 Kf7 30. Bd8 c6 31. f3 Ke6 32. g4 d5 33. Kd3 Be7 34. Bc7 h4 35. f4 Bd6 0-1


[Site "https://www.chess.com"]

[Event "Titled Tuesday Blitz February 07 Early 2023"]
[White "Zahid, Sanatan"]
[Black "Senlle Caride, Miguel"]
[WhiteFideId "10201963"]
[BlackFideId "2282500"]
[WhiteElo "1930"]
[BlackElo "2343"]
[Result "0-1"]
[Round "03"]
[TimeControl "180+2"]
[Date "2023.02.07"]
[WhiteClock "0:00:27"]
[BlackClock "0:00:10"]

1. d4 Nf6 2. Nc3 d5 3. Bf4 e6 4. Nb5 Na6 5. e3 c6 6. Nc3 Bd6 7. Nf3 O-O 8. a3 c5 9. Bg3 cxd4 10. exd4 Ne4 11. Bd3 f5 12. Bxd6 Qxd6 13. Ne2 Nb8 14. O-O Nc6 15. c3 Bd7 16. Qc1 f4 17. Qb1 Be8 18. Bxe4 dxe4 19. Nd2 f3 20. Ng3 fxg2 21. Re1 Qf4 22. Ndxe4 Bg6 23. Qc1 Qh4 24. Qg5 Qh3 25. Re3 Rf7 26. Nd6 Rf6 27. Nge4 Rf3 28. Ng3 Rxe3 29. Qxe3 Rf8 30. Re1 h5 31. Qxe6+ Qxe6 32. Rxe6 Bd3 33. Nde4 h4 34. Nh5 Bc4 35. Rg6 Kh7 36. Rxg2 Kh6 37. Rg5 Re8 38. Nxg7 Rxe4 39. Rc5 Re1+ 40. Kg2 Bf1+ 41. Kf3 Kxg7 42. d5 Ne5+ 43. Kf4 Nd3+ 44. Kg5 Nxc5 45. c4 Nd7 46. b4 b6 47. c5 bxc5 48. bxc5 Nxc5 49. f3 Nd7 50. f4 Bc4 51. f5 Bxd5 52. f6+ Nxf6 53. Kxh4 Rg1 54. a4 Rg4+ 55. Kh3 Bg2# 0-1


[Site "https://www.chess.com"]

[Event "Titled Tuesday Blitz February 07 Early 2023"]
[White "Paravyan, David"]
[Black "Borgaonkar Akshay"]
[WhiteFideId "4194985"]
[BlackFideId "25639110"]
[WhiteElo "2601"]
[BlackElo "1991"]
[Result "1-0"]
[Round "03"]
[TimeControl "180+2"]
[Date "2023.02.07"]
[WhiteClock "0:00:03"]
[BlackClock "0:00:02"]

1. e4 c5 2. Nf3 e6 3. d4 cxd4 4. Nxd4 a6 5. h3 Ne7 6. Nc3 Nbc6 7. Nb3 Qc7 8. g3 Ng6 9. h4 h5 10. Be2 Bd6 11. Bxh5 b5 12. Bxg6 fxg6 13. Bg5 Bb7 14. f4 Be7 15. Qg4 Bxg5 16. Qxg5 Ne7 17. Qc5 Bc6 18. O-O-O Rh5 19. Qd4 a5 20. a3 Kf7 21. Rhf1 Kg8 22. Kb1 Rb8 23. Rfe1 b4 24. axb4 axb4 25. Na2 Ba4 26. Qd6 Qd8 27. Nc5 Bxc2+ 28. Kxc2 Rxc5+ 29. Qxc5 Rc8 30. Qxc8 Qxc8+ 31. Kb1 b3 32. Nc3 Nc6 33. Rd6 Qc7 34. Red1 Qa5 35. Rxd7 Nb4 36. h5 gxh5 37. f5 Na2 38. Ne2 Nb4 39. Nc3 Nc2 40. Kc1 Qa1+ 41. Nb1 exf5 42. exf5 Nb4 43. f6 Na2+ 44. Kd2 Qxb2+ 45. Ke3 Qe5+ 46. Kd3 Nb4+ 47. Kc4 Nc6 48. Rxg7+ Kf8 49. Rgd7 Qxf6 50. Kc5 Ne7 51. Rd8+ Kf7 52. R8d6 Qf2+ 53. Kb4 Qc2 54. R6d2 Nc6+ 55. Kb5 1-0


[Site "https://www.chess.com"]

[Event "Titled Tuesday Blitz February 07 Early 2023"]
[White "Kvaloy, Aksel Bu"]
[Black "Sychev, Klementy"]
[WhiteFideId "1528815"]
[BlackFideId "4114060"]
[WhiteElo "2321"]
[BlackElo "2547"]
[Result "0-1"]
[Round "03"]
[TimeControl "180+2"]
[Date "2023.02.07"]
[WhiteClock "0:00:01"]
[BlackClock "0:00:23"]

1. d4 Nf6 2. c4 e6 3. g3 d5 4. Nf3 Bb4+ 5. Bd2 a5 6. Bg2 O-O 7. O-O dxc4 8. a3 Bxd2 9. Nbxd2 b5 10. b3 cxb3 11. Qxb3 c6 12. Qb2 Nbd7 13. Rfc1 Bb7 14. Nb3 Qe7 15. Ne1 e5 16. Bxc6 Bxc6 17. Rxc6 a4 18. Nc5 exd4 19. Qxd4 Ne5 20. Rb6 Rfd8 21. Qe3 Nd5 22. Rb7 Qxb7 23. Qxe5 Qc6 24. Ned3 Re8 25. Qb2 Rab8 26. Rc1 Qf6 27. Qd2 Qe7 28. e3 Nf6 29. Nb4 Rbc8 30. Ncd3 Ne4 31. Qe1 Qf6 32. Rxc8 Rxc8 33. Nd5 Qd6 34. N3b4 Nf6 35. Nf4 Qc5 36. Qe2 Qc1+ 37. Kg2 Qxa3 38. Qxb5 Qb3 39. Qa5 a3 40. Nbd5 Nxd5 41. Nxd5 Qb7 42. e4 Ra8 43. Qc3 a2 44. Qa1 Qb1 45. Ne7+ Kh8 0-1


[Site "https://www.chess.com"]

[Event "Titled Tuesday Blitz February 07 Early 2023"]
[White "Chigaev, Maksim"]
[Black "Mathieu, Phileas"]
[WhiteFideId "4108116"]
[BlackFideId "36048410"]
[WhiteElo "2628"]
[BlackElo "2374"]
[Result "0-1"]
[Round "03"]
[TimeControl "180+2"]
[Date "2023.02.07"]
[WhiteClock "0:00:09"]
[BlackClock "0:00:07"]

1. e4 e5 2. Nf3 Nc6 3. Bc4 Nf6 4. d3 h6 5. a4 d6 6. h3 g5 7. c3 Bg7 8. Nbd2 O-O 9. Nf1 d5 10. exd5 Nxd5 11. Ng3 Nf4 12. O-O Be6 13. Bxe6 Nxe6 14. Re1 Qd5 15. Nf5 Rad8 16. Nxg7 Kxg7 17. a5 a6 18. Qa4 Nc5 19. Qg4 f6 20. h4 Qxd3 21. hxg5 hxg5 22. Be3 Qd7 23. Qc4 Ne6 24. Qb3 Rb8 25. Rad1 Qf7 26. Nd2 Nf4 27. Qxf7+ Rxf7 28. Ne4 Nxa5 29. Nc5 Nc4 30. Bc1 Nd6 31. g3 Ng6 32. Kg2 Re7 33. b3 a5 34. Ba3 b5 35. Na6 Rb6 36. Nxc7 Rxc7 37. Bxd6 Rxc3 38. b4 a4 39. Bc5 Rb7 40. Rd8 Ne7 41. Red1 Nc6 42. R8d7+ Rxd7 43. Rxd7+ Kg6 44. g4 Nd4 45. Bf8 Ne6 46. Be7 Rc7 47. Rd5 Rxe7 48. Rxb5 Ra7 49. Rb6 a3 50. Ra6 Rxa6 0-1


[Site "https://www.chess.com"]

[Event "Titled Tuesday Blitz February 07 Early 2023"]
[White "Royal, Shreyas"]
[Black "Urazayev, Arystanbek"]
[WhiteFideId "448869"]
[BlackFideId "13709810"]
[WhiteElo "2438"]
[BlackElo "2460"]
[Result "0-1"]
[Round "03"]
[TimeControl "180+2"]
[Date "2023.02.07"]
[WhiteClock "0:02:34"]
[BlackClock "0:01:13"]

1. e4 c5 2. Nf3 d6 3. d4 cxd4 4. Nxd4 Nf6 5. Nc3 Nc6 6. Bg5 e6 7. Qd2 a6 8. O-O-O Be7 9. f4 Bd7 10. Nf3 b5 11. Bxf6 gxf6 12. f5 Qb6 13. Kb1 O-O-O 14. g3 Kb8 15. fxe6 fxe6 16. Bh3 b4 17. Ne2 e5 18. Bxd7 Rxd7 19. Nc1 Rc8 20. Nb3 a5 21. Qe3 Qxe3 0-1


[Site "https://www.chess.com"]

[Event "Titled Tuesday Blitz February 07 Early 2023"]
[White "Samunenkov, Ihor"]
[Black "Sharafiev, Azat"]
[WhiteFideId "14187086"]
[BlackFideId "4186214"]
[WhiteElo "2501"]
[BlackElo "2427"]
[Result "1-0"]
[Round "03"]
[TimeControl "180+2"]
[Date "2023.02.07"]
[WhiteClock "0:00:22"]
[BlackClock "0:00:16"]

1. e4 c5 2. Nf3 d6 3. d4 cxd4 4. Nxd4 Nf6 5. Nc3 a6 6. h3 e5 7. Nde2 Be7 8. g4 O-O 9. a4 Nc6 10. Ng3 Nd4 11. Be3 Qb6 12. Rb1 Bd7 13. g5 Ne8 14. Nd5 Qd8 15. c3 Ne6 16. h4 Nc5 17. a5 Bc6 18. b4 Na4 19. Qb3 Rc8 20. c4 f5 21. Nxf5 Rxf5 22. exf5 Bxd5 23. cxd5 Nc3 24. Rc1 Nb5 25. Bxb5 axb5 26. O-O Qd7 27. Rxc8 Qxc8 28. Qd3 Qd7 29. Rc1 h6 30. Qc2 hxg5 31. hxg5 g6 32. Qc8 Qxc8 33. Rxc8 Kf7 34. fxg6+ Kf8 35. g7+ Kxg7 36. Rxe8 1-0


[Site "https://www.chess.com"]

[Event "Titled Tuesday Blitz February 07 Early 2023"]
[White "Vasquez Schroeder, Rodrigo"]
[Black "Ozates, Tuna"]
[WhiteFideId "3400042"]
[BlackFideId "6354521"]
[WhiteElo "2524"]
[BlackElo "2251"]
[Result "1-0"]
[Round "03"]
[TimeControl "180+2"]
[Date "2023.02.07"]
[WhiteClock "0:02:39"]
[BlackClock "0:02:29"]

1. d4 Nf6 2. c4 e6 3. Nf3 d5 4. Nc3 c5 5. cxd5 Nxd5 6. e3 cxd4 7. exd4 Be7 8. Bd3 O-O 9. O-O Nc6 10. Re1 b6 11. Nxd5 Qxd5 12. Be4 Qd6 13. Qc2 Bb7 14. Bxh7+ Kh8 15. Be4 Rac8 16. Qe2 Bf6 17. Ne5 g6 18. Qf3 Nxd4 19. Qxf6+ 1-0


[Site "https://www.chess.com"]

[Event "Titled Tuesday Blitz February 07 Early 2023"]
[White "Gabrielian, Artur"]
[Black "Mendez Fortes, Eduardo Jesus"]
[WhiteFideId "4131002"]
[BlackFideId "3502376"]
[WhiteElo "2452"]
[BlackElo "2250"]
[Result "1-0"]
[Round "03"]
[TimeControl "180+2"]
[Date "2023.02.07"]
[WhiteClock "0:00:18"]
[BlackClock "0:00:05"]

1. e4 e5 2. Nf3 Nc6 3. Bc4 Nf6 4. d3 Bc5 5. Bg5 d6 6. c3 h6 7. Bh4 Bb6 8. Nbd2 Qe7 9. O-O g5 10. Bg3 Bg4 11. b4 h5 12. h4 Nh7 13. Qc2 a5 14. b5 Nb8 15. d4 Nd7 16. Bd5 O-O-O 17. Qb3 Rhg8 18. Bxf7 Rg7 19. Bd5 Rf8 20. Kh1 Kb8 21. Rae1 Bxf3 22. Nxf3 Rxf3 23. gxf3 exd4 24. cxd4 Bxd4 25. Rc1 Ne5 26. Rfd1 Bb6 27. Rg1 a4 28. Qc3 gxh4 29. Bh2 Rxg1+ 30. Rxg1 Bxf2 31. Rg8+ Nf8 32. Qd2 Bg3 33. Qh6 Nd7 34. Qe6 Qd8 35. Qf7 Ka7 36. Be6 c6 37. bxc6 Qa5 38. Bg1+ Ka6 39. cxd7 Qc3 40. Bc4+ b5 41. d8=Q Qxf3+ 42. Qxf3 1-0


[Site "https://www.chess.com"]

[Event "Titled Tuesday Blitz February 07 Early 2023"]
[White "Talibov, Shiroghlan"]
[Black "Mogranzini, Roberto"]
[WhiteFideId "13429078"]
[BlackFideId "810894"]
[WhiteElo "2359"]
[BlackElo "2459"]
[Result "1-0"]
[Round "03"]
[TimeControl "180+2"]
[Date "2023.02.07"]
[WhiteClock "0:00:55"]
[BlackClock "0:00:02"]

1. Nf3 c5 2. e4 Nc6 3. Nc3 g6 4. Bd3 Bg7 5. O-O Nf6 6. Re1 O-O 7. b3 d6 8. h3 a6 9. Bb2 b5 10. a4 b4 11. Nd5 e5 12. Bc4 Ra7 13. c3 a5 14. Nxf6+ Bxf6 15. Bd5 Ne7 16. Bc4 Nc6 17. Bb5 Bd7 18. Rc1 Bg7 19. Bxc6 Bxc6 20. d4 bxc3 21. Bxc3 cxd4 22. Bxd4 Ra6 23. Qd3 Bb7 24. Bb2 Qa8 25. Nd2 d5 26. exd5 Bxd5 27. Ne4 Rb6 28. Rc5 Rxb3 29. Bc3 Be6 30. Qd2 Rd8 31. Qg5 Rd5 32. Rc7 h6 33. Qe7 Qd8 34. Qxd8+ Rxd8 35. Bxa5 Ra8 36. Bd2 Rxa4 37. Nc5 Ra2 38. Nxb3 Bxb3 39. Bc3 1-0


[Site "https://www.chess.com"]

[Event "Titled Tuesday Blitz February 07 Early 2023"]
[White "Hnydiuk, Aleksander"]
[Black "Nouri, Alekhine"]
[WhiteFideId "1109057"]
[BlackFideId "5216184"]
[WhiteElo "2363"]
[BlackElo "2257"]
[Result "0-1"]
[Round "03"]
[TimeControl "180+2"]
[Date "2023.02.07"]
[WhiteClock "0:00:17"]
[BlackClock "0:01:09"]

1. e4 c5 2. Nf3 d6 3. d4 cxd4 4. Nxd4 Nf6 5. Nc3 a6 6. f3 e5 7. Nb3 Be7 8. Be3 Be6 9. Qd2 h5 10. O-O-O Nbd7 11. Kb1 Rc8 12. h3 b5 13. Bd3 Nb6 14. g4 Nc4 15. Bxc4 bxc4 16. Nc1 Rb8 17. N1e2 Qa5 18. g5 Qa3 19. Qc1 Nd7 20. Nd5 Bxd5 21. Rxd5 Rxb2+ 22. Qxb2 Qxe3 23. Re1 O-O 24. Qc3 Rb8+ 25. Ka1 Qf2 26. Rdd1 Bxg5 27. Rb1 Rxb1+ 28. Kxb1 Nc5 29. Qb4 Qxf3 30. Qb8+ Kh7 31. Qxd6 Nxe4 32. Qxe5 Nd2+ 33. Kc1 Qa3+ 34. Kd1 Nf3 35. Qf5+ Kh6 36. h4 Qd6+ 0-1


[Site "https://www.chess.com"]

[Event "Titled Tuesday Blitz February 07 Early 2023"]
[White "Jimenez, Joaquin"]
[Black "Nguyen, Quoc Hy"]
[WhiteFideId "109860"]
[BlackFideId "12410853"]
[WhiteElo "2195"]
[BlackElo "2352"]
[Result "1-0"]
[Round "03"]
[TimeControl "180+2"]
[Date "2023.02.07"]
[WhiteClock "0:01:24"]
[BlackClock "0:00:23"]

1. c4 c6 2. e4 d5 3. exd5 cxd5 4. cxd5 Qxd5 5. Nc3 Qd8 6. Nf3 Nf6 7. d4 g6 8. Qb3 Bg7 9. h4 Nc6 10. d5 Na5 11. Qa4+ Bd7 12. Bb5 O-O 13. Bxd7 Nxd7 14. h5 Nc5 15. Qh4 Qb6 16. hxg6 Nd3+ 17. Kf1 Qxg6 18. Be3 Rac8 19. Rh3 Nxb2 20. Rg3 Qd3+ 21. Kg1 Qxc3 22. Bd4 f6 23. Bxc3 Rxc3 24. Qb4 f5 25. Qxc3 1-0


[Site "https://www.chess.com"]

[Event "Titled Tuesday Blitz February 07 Early 2023"]
[White "Rozman, Levy"]
[Black "Gutkin, Ilya"]
[WhiteFideId "2039877"]
[BlackFideId "16203470"]
[WhiteElo "2322"]
[BlackElo "2273"]
[Result "1-0"]
[Round "03"]
[TimeControl "180+2"]
[Date "2023.02.07"]
[WhiteClock "0:01:39"]
[BlackClock "0:00:03"]

1. e4 e6 2. c4 d5 3. cxd5 exd5 4. Qb3 Nf6 5. e5 Ne4 6. Nc3 Nxc3 7. bxc3 f6 8. Nf3 fxe5 9. Nxe5 Bd6 10. Qxd5 Qe7 11. d4 Nc6 12. f4 Be6 13. Qe4 O-O 14. Bd3 Bf5 15. Qd5+ Kh8 16. Bxf5 Rxf5 17. O-O Bxe5 18. fxe5 Rxf1+ 19. Kxf1 Qh4 20. Ba3 Qxh2 21. Re1 Re8 22. Qf7 Qh1+ 23. Kf2 Qh4+ 24. g3 Qh2+ 25. Kf3 Rc8 26. e6 Qd2 27. Re3 Qd1+ 28. Kg2 Qd2+ 29. Qf2 Qxf2+ 30. Kxf2 Re8 31. d5 Ne7 32. c4 Nf5 33. Rf3 g6 34. g4 Nh6 35. Kg3 Kg8 36. Bc1 1-0


[Site "https://www.chess.com"]

[Event "Titled Tuesday Blitz February 07 Early 2023"]
[White "Darini, Pouria"]
[Black "Mesa Cruz, Juan Carlos"]
[WhiteFideId "12502200"]
[BlackFideId "6423400"]
[WhiteElo "2401"]
[BlackElo "2122"]
[Result "1-0"]
[Round "03"]
[TimeControl "180+2"]
[Date "2023.02.07"]
[WhiteClock "0:00:32"]
[BlackClock "0:01:01"]

1. e4 c5 2. Nf3 d6 3. d4 cxd4 4. Nxd4 Nf6 5. Nc3 a6 6. a4 e5 7. Nf3 Be7 8. Bc4 O-O 9. O-O Be6 10. Bb3 Bxb3 11. cxb3 Nc6 12. Bg5 Ne8 13. Be3 Nc7 14. Bb6 Qd7 15. Bxc7 Qxc7 16. Nd5 Qd8 17. Qd3 Bg5 18. Rfd1 Rc8 19. b4 Ne7 20. Nc3 Bf6 21. Qxd6 Qxd6 22. Rxd6 Rc4 23. b5 Nc8 24. Rd7 axb5 25. axb5 Rb4 26. Ra2 g5 27. g4 Nb6 28. Rxb7 Bd8 29. Nxe5 Bf6 30. Nc6 Bxc3 31. Nxb4 Bxb4 32. Rxb6 1-0


[Site "https://www.chess.com"]

[Event "Titled Tuesday Blitz February 07 Early 2023"]
[White "Jakubowska, Anna"]
[Black "Belozerov, Andrei"]
[WhiteFideId "1121952"]
[BlackFideId "4120213"]
[WhiteElo "2139"]
[BlackElo "2461"]
[Result "1-0"]
[Round "03"]
[TimeControl "180+2"]
[Date "2023.02.07"]
[WhiteClock "0:01:18"]
[BlackClock "0:00:04"]

1. e4 c5 2. Nc3 Nc6 3. g3 g6 4. Bg2 Bg7 5. d3 d6 6. Nh3 e5 7. O-O Nge7 8. f4 O-O 9. f5 gxf5 10. exf5 Bxf5 11. Rxf5 Nxf5 12. Be4 Nfe7 13. Bxh7+ Kxh7 14. Qh5+ Kg8 15. Ng5 Re8 16. Qxf7+ Kh8 17. Qh5+ Kg8 18. Qh7+ Kf8 19. Ne6+ Kf7 20. Nxd8+ Raxd8 21. Bh6 Rg8 22. Rf1+ Ke6 23. Bxg7 Nd4 24. Qh3+ Nef5 25. Nb5 Rxg7 26. Nxd4+ cxd4 27. Qxf5+ Kd5 28. c3 dxc3 29. Qe4+ Ke6 30. bxc3 d5 31. Qf5+ 1-0


[Site "https://www.chess.com"]

[Event "Titled Tuesday Blitz February 07 Early 2023"]
[White "Fernandez Garcia, Gumersindo"]
[Black "Kononenko, Dmitry"]
[WhiteFideId "24516740"]
[BlackFideId "14113538"]
[WhiteElo "2160"]
[BlackElo "2256"]
[Result "1/2-1/2"]
[Round "03"]
[TimeControl "180+2"]
[Date "2023.02.07"]
[WhiteClock "0:00:08"]
[BlackClock "0:00:20"]

1. e4 d5 2. exd5 Qxd5 3. Nc3 Qa5 4. d4 Nf6 5. Nf3 Bg4 6. Be2 Nc6 7. h3 Bh5 8. Bd2 O-O-O 9. Nb5 Qb6 10. a4 Bxf3 11. Bxf3 Nxd4 12. Be3 e5 13. O-O Bc5 14. Nxd4 Bxd4 15. Bxd4 Qxd4 16. Qe2 e4 17. Bg4+ Kb8 18. Rad1 Qe5 19. Qc4 h5 20. Be2 e3 21. Bf3 exf2+ 22. Rxf2 Rxd1+ 23. Bxd1 Rd8 24. Bf3 Qe3 25. Qb5 Qb6 26. Qxb6 axb6 27. g4 hxg4 28. hxg4 Ne8 29. Be4 Nd6 30. Bd3 Re8 31. Kg2 Re5 32. b3 Kc8 33. Kg3 Kd7 34. Kf4 f6 35. Rh2 Nf7 36. Rh7 Rg5 37. Bf5+ Ke7 38. Rh2 Ne5 39. Re2 g6 40. Rxe5+ Kf8 41. Re6 Kf7 42. Re2 gxf5 43. gxf5 Rg1 44. Rd2 Rf1+ 45. Ke4 Re1+ 46. Kf4 Ke7 47. Kg4 Rf1 48. Re2+ Kf7 49. Rd2 Rg1+ 50. Kf4 Re1 51. Rd7+ Re7 52. Rxe7+ Kxe7 53. Ke4 Kd6 54. b4 c6 55. c4 Kd7 56. c5 bxc5 57. bxc5 Ke7 58. Kf4 Kf7 59. Kg4 Kg7 60. Kh4 Kh7 61. Kh5 Kg7 62. Kh4 Kh6 63. Kg4 Kh7 64. Kh4 Kg7 65. Kg4 Kh7 66. Kf4 Kg7 67. Kg4 Kh6 68. Kh4 Kh7 69. Kg4 Kg7 70. Kh4 1/2-1/2


[Site "https://www.chess.com"]

[Event "Titled Tuesday Blitz February 07 Early 2023"]
[White "Perez Rodriguez, Jennifer"]
[Black "Averjanov, Alexey"]
[WhiteFideId "3507831"]
[BlackFideId "14109867"]
[WhiteElo "2242"]
[BlackElo "2399"]
[Result "0-1"]
[Round "03"]
[TimeControl "180+2"]
[Date "2023.02.07"]
[WhiteClock "0:00:20"]
[BlackClock "0:01:01"]

1. e4 c6 2. Nc3 d5 3. Nf3 Bg4 4. h3 Bxf3 5. Qxf3 e6 6. g4 dxe4 7. Nxe4 Nd7 8. Bg2 Ngf6 9. d4 Nxe4 10. Qxe4 Nf6 11. Qd3 Be7 12. O-O O-O 13. c4 Qc7 14. Qf3 Rad8 15. Be3 Rd7 16. Rfd1 Rfd8 17. g5 Ne8 18. h4 Nd6 19. b3 Nf5 20. Qg4 g6 21. Be4 Nxd4 22. Bxg6 hxg6 23. Rxd4 Rxd4 24. Bxd4 Qd6 25. Bc3 Qd3 26. Be5 Bf8 27. Bf6 Rd7 28. Re1 Bg7 29. Qf4 Bxf6 30. Qxf6 Rd4 31. Re3 Qd1+ 32. Kg2 Rxh4 33. Qe7 Qh1+ 34. Kg3 Qh3# 0-1


[Site "https://www.chess.com"]

[Event "Titled Tuesday Blitz February 07 Early 2023"]
[White "Iskusnyh, Sergei"]
[Black "SicilianPanzer"]
[WhiteFideId "4120027"]
[WhiteElo "2440"]
[BlackElo "2245"]
[Result "1-0"]
[Round "03"]
[TimeControl "180+2"]
[Date "2023.02.07"]
[WhiteClock "0:00:22"]
[BlackClock "0:00:01"]

1. d4 Nf6 2. c4 e6 3. g3 c5 4. Nf3 cxd4 5. Nxd4 Nc6 6. Bg2 Qb6 7. Nb3 d5 8. cxd5 exd5 9. O-O Be6 10. Nc3 d4 11. Na4 Qb4 12. Bxc6+ bxc6 13. Qxd4 Rd8 14. Qxb4 Bxb4 15. Be3 Bc4 16. Bc5 Bxc5 17. Naxc5 O-O 18. Rfe1 Rd5 19. Rac1 Bxb3 20. Nxb3 Rc8 21. Red1 Kf8 22. Rxd5 Nxd5 23. Nc5 Ke7 24. Rc4 Kd6 25. e4 Nb6 26. Rc2 Kc7 27. f3 Rd8 28. Kf2 Rd6 29. Ke2 g5 30. Nd3 Rh6 31. Ke3 Kb7 32. b3 a5 33. Ne5 f6 34. Nf7 Rg6 35. Nd6+ Kc7 36. Nb5+ Kb7 37. Nd4 Rh6 38. Nxc6 f5 39. Nxa5+ Ka6 40. Nc4 Nxc4+ 41. bxc4 fxe4 42. Kxe4 Kb6 43. c5+ 1-0


[Site "https://www.chess.com"]

[Event "Titled Tuesday Blitz February 07 Early 2023"]
[White "Decuigniere, Tom"]
[Black "Kollars, Dmitrij"]
[WhiteFideId "26093820"]
[BlackFideId "12909572"]
[WhiteElo "2382"]
[BlackElo "2607"]
[Result "0-1"]
[Round "03"]
[TimeControl "180+2"]
[Date "2023.02.07"]
[WhiteClock "0:00:01"]
[BlackClock "0:00:06"]

1. c4 Nf6 2. Nc3 e6 3. e4 d5 4. cxd5 exd5 5. e5 Ne4 6. Nf3 Bf5 7. Be2 Be7 8. O-O O-O 9. d4 c5 10. Be3 Nc6 11. dxc5 Nxc3 12. bxc3 Be4 13. c4 dxc4 14. Bxc4 Qxd1 15. Rfxd1 Bxf3 16. gxf3 Nxe5 17. Bd5 Rac8 18. Rac1 Nc6 19. Rb1 Nd8 20. Bxb7 Nxb7 21. Rxb7 Bxc5 22. Bxc5 Rxc5 23. Rxa7 g6 24. a4 Rfc8 25. a5 R8c6 26. Ra1 Kg7 27. a6 Rc1+ 28. Rxc1 Rxc1+ 29. Kg2 Ra1 30. Kg3 Ra3 31. Kf4 Kf6 32. Ra8 Ra4+ 33. Ke3 Kf5 34. Rf8 f6 35. Ra8 Ra3+ 36. Ke2 Kf4 37. a7 Ra2+ 38. Kd3 Kxf3 39. Rf8 Rxa7 40. Rxf6+ Kg2 41. h4 Re7 42. f4 Kg3 43. f5 gxf5 44. Rxf5 Kxh4 45. Rf8 h5 46. Rg8 Kh3 47. Rh8 h4 48. Kd2 Kg3 49. Rg8+ Kh2 50. Rh8 h3 51. Kd3 Kg2 52. Rg8+ Kf2 53. Rh8 Kg3 54. Rg8+ Kh2 55. Rh8 Kg2 56. Rg8+ Kh1 57. Rh8 h2 58. Kd2 Re6 59. Kd3 Re1 60. Kd2 Rg1 61. Ke3 Kg2 62. Rg8+ Kf1 63. Rf8+ Ke1 64. Ra8 Kf1 65. Rf8+ Ke1 66. Ra8 Rg3+ 67. Kf4 Rf3+ 68. Kxf3 h1=Q+ 0-1


[Site "https://www.chess.com"]